 Dungeon Crawl Stone Soup version 0.25-a0-98-g0cf78c2f83 (webtiles) character file.

Game seed: 16888615863420208529, levelgen mode: deterministic

15671 Toftenius the Destroyer (level 12, -17/81 HPs)
             Began as a Pale Draconian Conjurer on Nov 13, 2019.
             Was an Elder of Vehumet.
             Killed from afar by an efreet (21 damage)
             ... with a bolt of fire
             ... on level 13 of the Dungeon.
             The game lasted 01:34:33 (17510 turns).

Toftenius the Destroyer (Pale Draconian Conjurer)  Turns: 17510, Time: 01:34:34

Health: -17/81     AC: 17    Str: 14    XL:     12   Next: 3%
Magic:  12/36      EV: 12    Int: 17    God:    Vehumet [****..]
Gold:   829        SH:  0    Dex: 14    Spells: 18/34 levels left

rFire    . . .     SeeInvis .   q - staff of energy
rCold    . . .     Gourm    .   (no shield)
rNeg     . . .     Faith    .   (armour unavailable)
rPois    .         Spirit   .   (helmet restricted)
rElec    .         Reflect  .   l - +2 cloak
rCorr    .         Harm     .   B - +2 pair of gloves
MR       .....                  o - +2 pair of boots
Stlth    ++........             (no amulet)
HPRegen  0.23/turn              u - +2 ring of strength
MPRegen  0.25/turn              N - ring of magical power

@: no status effects
A: breathe steam, unfitting armour, cold-blooded, AC +8
a: Breathe Steam, Renounce Religion


You were on level 13 of the Dungeon.
You worshipped Vehumet.
Vehumet was greatly pleased with you.
You were hungry.

You visited 2 branches of the dungeon, and saw 14 of its levels.
You also visited: Bailey.

You collected 829 gold pieces.

Inventory:

Hand Weapons
 a - a +0 club
 m - a +0 mace
 n - a +0 short sword
 s - a +4 mace of protection
 F - a +2 demon blade of flaming
Missiles
 d - 448 stones (quivered)
 E - 46 arrows
Armour
 l - a +2 cloak (worn)
 o - a +2 pair of boots (worn)
 B - a +2 pair of gloves (worn)
Magical Staves
 q - an uncursed staff of energy (weapon)
Jewellery
 u - a +2 ring of strength (left hand)
 x - an uncursed ring of ice
 G - an uncursed ring of protection from cold
 N - a ring of magical power (right hand)
Wands
 g - a wand of polymorph (7)
 v - a wand of acid (12)
 y - a wand of iceblast (19)
 z - a wand of paralysis (10)
 C - a wand of scattershot (6)
 H - a wand of flame (19)
 I - a wand of enslavement (12)
Scrolls
 c - 8 scrolls of remove curse
 e - 2 scrolls of noise
 i - 7 scrolls of fog
 p - 5 scrolls of amnesia
 t - 5 scrolls of teleportation
 L - 3 scrolls of identify
 M - a scroll of enchant armour
 O - a scroll of fear
Potions
 f - a potion of resistance
 h - 2 potions of haste
 j - 2 potions of might
 k - a potion of curing
 r - 7 potions of degeneration
 w - a potion of mutation
 A - 3 potions of magic
 D - a potion of lignification
 J - a potion of agility
 K - a potion of invisibility
Comestibles
 b - 20 rations


   Skills:
 + Level 1.3(3.9) Short Blades
 - Level 5.9(6.0) Long Blades
 - Level 1.7 Dodging
 - Level 1.9 Stealth
 - Level 0.6 Unarmed Combat
 - Level 11.5 Spellcasting
 - Level 12.0 Conjurations
 * Level 7.3 Fire Magic
 - Level 0.9 Earth Magic
 * Level 3.4 Poison Magic
 - Level 0.6 Evocations


You had 18 spell levels left.
You knew the following spells:

 Your Spells              Type           Power        Failure   Level  Hunger
a - Magic Dart            Conj           ####         1%          1    None
b - Searing Ray           Conj           ######       1%          2    None
c - Sandblast             Erth           ##....       1%          1    None
d - Flame Tongue          Conj/Fire      #####        1%          1    None
e - Conjure Flame         Conj/Fire      #####...     1%          3    None
f - Ignite Poison         Fire/Tmut/Pois ###.....     1%          3    None
g - Venom Bolt            Conj/Pois      #####.....   2%          5    None

Your spell library contained the following spells:

 Spells                   Type           Power        Failure   Level  Hunger
 Dazzling Spray           Conj/Hex       ####..       1%          3    None
 Force Lance              Conj/Tloc      ####....     1%          4    None
 Fulminant Prism          Conj/Hex       ####......   1%          4    None
 Iskenderun's Mystic Bla  Conj           ######..     1%          4    None


Dungeon Overview and Level Annotations

Branches:
Dungeon (13/15)            Temple (1/1) D:4             Orc (0/2) D:9
 Bailey (visited)
   Lair: D:8-11      Vaults: D:13-14

Altars:
Ashenzari
Cheibriados
Dithmenos
Elyvilon
Fedhas
Gozag
Hepliaklqana
Kikubaaqudgha
Makhleb
Nemelex Xobeh
Okawaru
Qazlal
Ru
Sif Muna
Trog
Uskayaw
Vehumet
Wu Jian
Xom
Yredelemnul
Zin
The Shining One

Annotations:
D:13 Josephine


Innate Abilities, Weirdness & Mutations

You can breathe blasts of scalding, opaque steam.
Your pale cyan-grey scales are hard. (AC +8)
You cannot fit into any form of body armour.
You are cold-blooded and may be slowed by cold attacks.


Message History

The searing ray hits the efreet but does no damage.
The efreet is heavily wounded.
The efreet gestures at you.
The fireball explodes!
The fireball engulfs you!!
* * * LOW HITPOINT WARNING * * *
You hear a horrible gurgling sound!
You hear a shout! x2
The searing ray hits the efreet.
The efreet is severely wounded.
The searing ray hits the efreet.
The efreet is severely wounded.
You finish channeling your searing ray.
The efreet gestures at you.
The fireball explodes!
The fireball engulfs you!
* * * LOW HITPOINT WARNING * * *
The fireball engulfs the efreet.
The efreet completely resists.
You hear an angry buzzing noise.
You hear a shout!
Josephine grins evilly.
The efreet gestures at you. The bolt of fire hits you!!
You die...

... #.# ..
#.# .. #.#
##
)###.#..#
.o#.#..#
#ยง#...
#.###R#.##
#...@./@<#
#.###.####
... ..#..
... #.. ..
... . ####


You could see Josephine and an efreet.

Vanquished Creatures
  3 two-headed ogres
  Pikel (D:7)
  A manticore (D:11)
  2 ugly things (D:11)
  2 cyclopes
  A gargoyle (D:11)
  A kobold demonologist (D:12)
  A komodo dragon (D:13)
  2 trolls
  Grinder (D:6)
  A hornet (D:9)
  2 hippogriffs
  Sigmund (D:6)
  A wyvern (D:8)
  A basilisk (D:11)
  10 yaks
  A steam dragon (D:9)
  Eustachio (D:5)
  2 vampire mosquitoes
  2 hungry ghosts
  Menkaure (D:5)
  2 insubstantial wisps (D:9)
  An acid dragon (D:11)
  Edmund (D:4)
  Purgy (D:3)
  A water moccasin (D:10)
  7 orc warriors
  2 ice beasts
  9 sky beasts
  A black bear (D:9)
  An eye of draining (D:10)
  4 ogres
  2 centaurs
  Blork the orc (D:4)
  6 bullfrogs
  2 big kobolds
  3 scorpions
  14 killer bees
  8 crimson imps
  3 howler monkeys
  A bullfrog zombie (D:10)
  2 centaur zombies
  5 jellies
  A bullfrog skeleton (D:5)
  10 hounds
  11 orc wizards
  4 orc priests
  5 iguanas
  Natasha (thrice) (D:4)
  Ijyb (D:4)
  A statue (D:4)
  3 worker ants
  A killer bee zombie (D:8)
  2 hound skeletons
  3 worker ant zombies
  20 adders
  4 shadow imps
  An ooze (D:5)
  2 adder zombies
  2 adder skeletons (D:6)
  2 worms
  3 dart slugs
  12 leopard geckos
  25 orcs
  8 bats
  7 giant cockroaches
  4 goblins
  7 hobgoblins
  8 jackals
  2 quokkas
  4 ball pythons
  5 frilled lizards
  A giant cockroach zombie (D:5)
  19 kobolds
  A leopard gecko skeleton (D:6)
  6 rats
303 creatures vanquished.

Vanquished Creatures (others)
  A cyclops (D:13)
  2 yaks (D:13)
  A big kobold (D:13)
  An orc (D:13)
  4 bushes (D:11)
9 creatures vanquished.

Grand Total: 312 creatures vanquished

Notes
Turn   | Place    | Note
-------+----------+-------------------------------------------
     0 | D:1      | Toftenius the Draconian Conjurer began the quest for the
                  | Orb.
     0 | D:1      | Reached XP level 1. HP: 14/14 MP: 3/3
   632 | D:1      | Reached XP level 2. HP: 16/20 MP: 0/5
  1416 | D:2      | Reached XP level 3. HP: 26/26 MP: 1/6
  2120 | D:2      | Reached skill level 5 in Conjurations
  2250 | D:2      | Reached XP level 4. HP: 32/33 MP: 5/8
  2516 | D:3      | Noticed a hungry ghost
  2793 | D:3      | Noticed Purgy
  2882 | D:3      | Learned a level 2 spell: Searing Ray
  3113 | D:4      | Reached XP level 5. HP: 33/38 MP: 2/10
  3272 | D:4      | Found a stormy altar of Qazlal.
  3274 | D:4      | Noticed an air elemental
  3275 | D:4      | Noticed a water elemental
  3275 | D:4      | Noticed a fire elemental
  3392 | D:4      | Found a staircase to the Ecumenical Temple.
  3401 | Temple   | Entered the Ecumenical Temple
  3641 | D:4      | Noticed Edmund
  3661 | D:4      | Noticed Natasha
  3665 | D:4      | Noticed Blork the orc
  3668 | D:3      | Found a shattered altar of Ashenzari.
  3713 | D:3      | Found a shimmering altar of Xom.
  3839 | D:3      | Killed a hungry ghost
  3839 | D:3      | Reached skill level 1 in Short Blades
  3839 | D:3      | Reached XP level 6. HP: 42/45 MP: 1/12
  4037 | D:3      | Reached skill level 6 in Conjurations
  4205 | D:3      | Killed Purgy
  4307 | D:4      | Found a hide-covered altar of Uskayaw.
  4317 | D:4      | Killed Blork the orc
  4317 | D:4      | Your scales start taking on a pale cyan-grey colour.
  4317 | D:4      | Reached XP level 7. HP: 48/50 MP: 6/14
  4447 | D:4      | Found a radiant altar of Vehumet.
  4447 | D:4      | Noticed Ijyb
  4460 | D:4      | Killed Ijyb
  4460 | D:4      | Reached skill level 5 in Spellcasting
  4585 | D:4      | Killed Natasha
  4817 | D:4      | Noticed Natasha
  4820 | D:4      | Killed Natasha
  4943 | D:4      | Noticed Natasha
  4949 | D:4      | Killed Natasha
  5018 | D:4      | Killed Edmund
  5018 | D:4      | Reached skill level 7 in Conjurations
  5189 | D:4      | Became a worshipper of Vehumet
  5318 | D:5      | Entered Level 5 of the Dungeon
  5342 | D:5      | Noticed Eustachio
  5350 | D:5      | Killed Eustachio
  5405 | D:5      | Reached XP level 8. HP: 57/57 MP: 1/17
  6002 | D:5      | Found a basalt altar of Yredelemnul.
  6090 | D:5      | Found a radiant altar of Vehumet.
  6129 | D:5      | Reached skill level 8 in Conjurations
  6200 | D:5      | Noticed Menkaure
  6204 | D:5      | Killed Menkaure
  6483 | D:6      | Noticed Grinder
  6494 | D:6      | Killed Grinder
  6894 | D:6      | Noticed Sigmund
  7029 | D:6      | Killed Sigmund
  7151 | D:6      | Reached * piety under Vehumet
  7151 | D:6      | Offered knowledge of Sandblast by Vehumet.
  7297 | D:6      | Reached skill level 9 in Conjurations
  7297 | D:6      | Reached XP level 9. HP: 62/62 MP: 11/21
  7393 | D:6      | Learned a level 1 spell: Sandblast
  7868 | D:6      | Found an opulent altar of Gozag.
  8577 | D:6      | Found a shadowy altar of Dithmenos.
  8959 | D:7      | Reached ** piety under Vehumet
  9033 | D:7      | Offered knowledge of Flame Tongue by Vehumet.
  9036 | D:7      | Learned a level 1 spell: Flame Tongue
  9206 | D:7      | Noticed Pikel
  9275 | D:7      | Killed Pikel
  9275 | D:7      | Reached skill level 10 in Conjurations
  9275 | D:7      | Reached skill level 1 in Fire Magic
  9676 | D:8      | Reached XP level 10. HP: 69/69 MP: 20/23
 10582 | D:9      | Found a staircase to the Orcish Mines.
 10662 | D:9      | Offered knowledge of Conjure Flame by Vehumet.
 10667 | D:9      | Learned a level 3 spell: Conjure Flame
 10877 | D:9      | Reached skill level 10 in Spellcasting
 10999 | D:9      | Reached *** piety under Vehumet
 11100 | D:9      | Reached skill level 1 in Long Blades
 11149 | D:9      | Noticed a two-headed ogre
 11169 | D:9      | Killed a two-headed ogre
 11169 | D:9      | Reached skill level 11 in Conjurations
 11427 | D:9      | Noticed a two-headed ogre
 11441 | D:9      | Killed a two-headed ogre
 11975 | D:10     | Entered Level 10 of the Dungeon
 11989 | D:9      | Offered knowledge of Ignite Poison by Vehumet.
 11996 | D:9      | Reached XP level 11. HP: 25/74 MP: 19/25
 12249 | D:10     | Found a flagged portal.
 12327 | Bailey   | Entered a bailey
 12327 | Bailey   | Noticed an orc knight
 12327 | Bailey   | Noticed an orc knight
 12327 | Bailey   | Noticed an orc knight
 12365 | Bailey   | Reached skill level 5 in Fire Magic
 13367 | D:11     | Noticed a purple ugly thing
 13385 | D:11     | Killed a purple ugly thing
 13772 | D:11     | Learned a level 3 spell: Ignite Poison
 13892 | D:11     | Noticed a green ugly thing
 13904 | D:11     | Killed a green ugly thing
 14243 | D:11     | Reached skill level 5 in Long Blades
 14970 | D:11     | Noticed a fire dragon
 15363 | D:11     | Reached **** piety under Vehumet
 15364 | D:11     | Offered knowledge of Venom Bolt by Vehumet.
 15374 | D:10     | Learned a level 5 spell: Venom Bolt
 15537 | D:11     | Noticed a two-headed ogre
 15542 | D:11     | Killed a two-headed ogre
 15549 | D:11     | Reached skill level 12 in Conjurations
 15902 | D:11     | Reached skill level 1 in Poison Magic
 17487 | D:13     | Reached XP level 12. HP: 41/81 MP: 27/27
 17506 | D:13     | Noticed Josephine
 17509 | D:13     | HP: 4/81 [efreet/fireball (17)]
 17510 | D:13     | Killed from afar by an efreet

Levels and vault maps discovered:
D:1:      erik_arrival_triangle_small, layout_basic, minmay_pentomino_z2
D:2:      layout_basic
D:3:      layout_rooms, cheibrodos_ashenzari_chains, lemuel_crystal_altar,
          first_ration, uniq_purgy
D:4:      minmay_wonky_spiral, layout_loops_ring, vehumet_statue,
          nicolae_qazlal_style_of_elements, old_standard_altar,
          minmay_temple_entry_slanted, minmay_lizard_king, uniq_ijyb,
          uniq_edmund, uniq_blork_the_orc, uniq_natasha
D:5:      lemuel_ice_spiral_2, layout_basic, nicolae_overflow_crystal_walls,
          basic_altar, fountainhead, hex_medium, uniq_menkaure, uniq_eustachio
D:6:      layout_layer_cave, grunt_dithmenos_smoke_and_mirrors,
          nicolae_gozag_seed_capital, uniq_sigmund, uniq_grinder
D:7:      layout_rooms, uniq_pikel
D:8:      layout_loops_ring
D:9:      layout_basic, orc_0_dummy, blue_anna_alchemist
          [blue_anna_fruit_fields, blue_anna_fruit_fields], hangedman_misty_isle
D:10:     layout_small_grid, enter_bailey_2, minivault_26
D:11:     layout_cave_pods, minmay_lair_entry_lava, serial_park,
          serial_park_square3 [serial_park_minivault_5x5_8],
          minmay_misc_feat_enclosed
D:12:     layout_basic
D:13:     layout_basic, serial_shops,
          nicolae_shop_temple_entry_statues_fountains, shop, shop,
          kennysheep_mini_moat, nicolae_shop_stone, xom_confusion_cloud,
          uniq_josephine
Temple:   dpeg_chambers_temple

Skill      XL: |  1  2  3  4  5  6  7  8  9 10 11 |
---------------+----------------------------------+-----
Conjurations   | 5 6 7 9 10 11 12 | 12.0
Spellcasting   | 3 4 6 8 9 10 11 | 11.5
Short Blades   | 1 |  1.3
Fire Magic     | 2 4 7 |  7.3
Long Blades    | 3 5 |  5.9
Poison Magic   | 3 |  3.4
Dodging        | |  1.7
Stealth        | |  1.9
Unarmed Combat | |  0.6
Earth Magic    | |  0.9
Evocations     | |  0.6

Action                   |  1- 3 |  4- 6 |  7- 9 | 10-12 || total
-------------------------+-------+-------+-------+-------++-------
Melee: Unarmed           |    12 |       |       |       ||    12
       Club              |     6 |       |       |       ||     6
       Tailslap          |     3 |     2 |    18 |    26 ||    49
       Mace              |    18 |    30 |   133 |    51 ||   232
       Short sword       |     8 |       |       |       ||     8
       Punch             |       |       |     1 |       ||     1
       Demon blade       |       |       |       |   102 ||   102
 Cast: Magic Dart        |    71 |    83 |   236 |   217 ||   607
       Searing Ray       |       |     6 |    41 |    75 ||   122
       Flame Tongue      |       |       |     6 |       ||     6
       Sandblast         |       |       |     1 |    14 ||    15
       Venom Bolt        |       |       |       |    15 ||    15
       Conjure Flame     |       |       |       |    11 ||    11
       Ignite Poison     |       |       |       |     4 ||     4
Evoke: Wand              |       |       |       |     6 ||     6
  Use: Scroll            |     7 |     5 |     9 |     9 ||    30
 Stab: Sleeping          |       |       |     3 |       ||     3
  Eat: Chunk             |     4 |     9 |    17 |    12 ||    42
       Ration            |       |       |       |     5 ||     5
Armor: Skin              |    15 |    40 |    94 |   185 ||   334
Dodge: Dodged            |    35 |    52 |   141 |   253 ||   481
       Rpst.: Demon blade |       |       |       |    40 ||    40

Table legend:
 A = Non-vault XP
 B = Vault XP
 C = Vault XP percentage of total XP
 D = Non-vault monster count
 E = Vault monster count
 F = Vault count percentage of total count
                 A         B        C        D         E       F
            +---------+---------+-------+---------+---------+-------
      Total |   18280 |    4108 |  18.3 |     272 |      31 |  10.2
            +---------+---------+-------+---------+---------+-------
        D:1 |      21 |       1 |   4.5 |      11 |       1 |   8.3
        D:2 |      94 |       0 |   0.0 |      20 |       0 |   0.0
        D:3 |     311 |     142 |  31.3 |      35 |       1 |   2.8
        D:4 |     154 |     398 |  72.1 |       6 |      15 |  71.4
        D:5 |     730 |     350 |  32.4 |      23 |       2 |   8.0
        D:6 |    1228 |     500 |  28.9 |      34 |       2 |   5.6
        D:7 |     307 |     673 |  68.7 |      13 |       1 |   7.1
        D:8 |    1269 |       0 |   0.0 |      24 |       0 |   0.0
        D:9 |    3707 |     999 |  21.2 |      32 |       7 |  17.9
       D:10 |    2287 |       0 |   0.0 |      18 |       0 |   0.0
       D:11 |    5346 |     915 |  14.6 |      32 |       1 |   3.0
       D:12 |    1991 |       0 |   0.0 |      19 |       0 |   0.0
       D:13 |     835 |       0 |   0.0 |       5 |       0 |   0.0
     Bailey |       0 |     130 | 100.0 |       0 |       1 | 100.0
            +---------+---------+-------+---------+---------+-------
